 Dungeon Crawl Stone Soup version 0.17.1-3-g152610e (webtiles) character file.

2221 Heskey the Basher (level 9, -5/101 HPs)
             Began as an Ogre Berserker on Mar 17, 2016.
             Was a High Priest of Trog.
             Splashed by a jelly's acid (9 damage)
             ... on level 6 of the Dungeon.
             The game lasted 00:21:30 (6634 turns).

Heskey the Basher (Ogre Berserker)                  Turns: 6634, Time: 00:21:31

Health: -5/101     AC: -8    Str: 32    XL:     9   Next: 35%
Magic:  9/9        EV: 11    Int:  6    God:    Trog [*****.]
Gold:   306        SH:  0    Dex:  9    Spells: 0 memorised, 8 levels left

rFire  . . .     SeeInvis .     g - +1 giant spiked club
rCold  . . .     Clarity  .     r - +2 robe {MR+}
rNeg   + . .     SustAt   .     (shield currently unavailable)
rPois  .         Gourm    .     (helmet restricted)
rElec  .         Spirit   .     (no cloak)
rCorr  .         Warding  +     (gloves unavailable)
rMut   .         Stasis   .     (boots unavailable)
MR     +....                    i - amulet of warding
Stlth  +.........               v - +3 ring of protection
                                h - ring of flight

@: mighty, exhausted, corroded equipment, slowed, very slow, somewhat resistant
to hostile enchantments, very unstealthy
A: unfitting armour, tough skin 1
a: Berserk, Trog's Hand, Brothers in Arms, Burn Spellbooks, Renounce Religion,
Evoke Flight


You were on level 6 of the Dungeon.
You worshipped Trog.
Trog was extremely pleased with you.
You were not hungry.

You visited 1 branch of the dungeon, and saw 6 of its levels.

You collected 322 gold pieces.
You spent 16 gold pieces at shops.

Inventory:

Hand Weapons
 g - a +1 giant spiked club (weapon)
 j - a +3 mace
Missiles
 s - 3 large rocks (quivered)
Armour
 r - a +2 robe of magic resistance (worn)
 y - a +1 cloak
Jewellery
 h - a ring of flight (left hand)
 i - an amulet of warding (around neck)
 v - a +3 ring of protection (right hand)
Wands
 d - a wand of magic darts (15)
 k - a wand of magic darts (17)
 p - a wand of lightning (6)
 x - a wand of teleportation (8)
Scrolls
 e - 8 scrolls of identify
 f - 2 scrolls of noise
 q - 3 scrolls of remove curse
Potions
 n - a potion of curing
 o - 2 potions of cancellation
 t - a potion of heal wounds
Comestibles
 c - a bread ration
 l - a meat ration
 m - 2 fruits
 u - 3 slices of pizza


   Skills:
 * Level 10.0 Fighting
 * Level 10.5 Maces & Flails
 + Level 6.4 Dodging


You had 8 spell levels left.
You didn't know any spells.

Dungeon Overview and Level Annotations

Branches:
Dungeon (6/15)
 Temple: D:4-7

Altars:
Ashenzari
Dithmenos

Shops:
D:6 *


Innate Abilities, Weirdness & Mutations

You are too large for most types of armour.
You have tough skin (AC +1).


Message History

* * * LOW HITPOINT WARNING * * *
The jelly hits you.
* * * LOW HITPOINT WARNING * * *
You are splashed with acid!
The acid burns!
* * * LOW HITPOINT WARNING * * *
The jelly closely misses you. The jelly hits you.
* * * LOW HITPOINT WARNING * * *
You are splashed with acid!
The acid burns!
* * * LOW HITPOINT WARNING * * *
Items here: ) [ †† a dagger; a scale mail; an orc corpse; an orc corpse
Things that are here:
a trident; a leather armour; an orc corpse The jelly barely misses you.
The jelly barely misses you.
The jelly jiggles.
The jelly hits you.
* * * LOW HITPOINT WARNING * * *
You are splashed with acid!
The acid corrodes you!
The acid burns!
You die...

.#..# #..#.#.. !..#.#o#.....#
.##.####.##.#.## # #.#.#....##
..........#.#.# #.#.#.#.o##
.##..#......#.# #.#.#.#....
.##..#?.....#(#######.#......##.
'##..#...................o.....
...........##.#######)###.#.#.#
...........(...#.J...))<#.# #
............#..#@####.#)#.#
..........(.#.....###.#.#.#
'###'#......#.....#.....#.# .#
#.#.....##.....#.#.#.#.#
.###.+............#...#...# #
.....#.÷)..###....###.#.#.#####.#
.....#))...# #....# #.#.).......#
.....#.)...###....# #.#...().....
..................###.#.#.#####.#


You could see a jelly.

Vanquished Creatures
  Sigmund (D:2)
  Eustachio (D:5)
  3 ogres
  A necrophage (D:6)
  4 centaurs
  Blork the orc (D:5)
  2 scorpions (D:4)
  A crimson imp (D:6)
  2 giant frog zombies (D:5)
  3 orc priests
  A jelly (D:6)
  5 orc wizards
  Crazy Yiuf (D:5)
  An iguana (D:6)
  Ijyb (D:2)
  5 worker ants
  Jessica (D:3)
  2 giant frog skeletons
  Terence (D:3)
  A hound skeleton (D:5)
  A mummy (D:4)
  10 adders
  10 gnolls
  An ooze (D:1)
  An adder skeleton (D:5)
  2 worms
  5 giant geckos
  20 orcs
  4 giant cockroaches
  4 hobgoblins
  14 jackals
  2 quokkas
  9 bats
  A giant gecko zombie (D:3)
  6 giant newts
  13 goblins
  13 kobolds
  A kobold zombie (D:4)
  3 orc zombies (D:4)
  A quokka zombie (D:5)
  7 rats
166 creatures vanquished.

Vanquished Creatures (others)
  Edmund (D:6)
1 creature vanquished.

Grand Total: 167 creatures vanquished

Notes
Turn   | Place    | Note
--------------------------------------------------------------
     0 | D:1      | Heskey the Ogre Berserker began the quest for the Orb.
     0 | D:1      | Reached XP level 1. HP: 24/24 MP: 1/1
   134 | D:1      | Reached XP level 2. HP: 28/32 MP: 2/2
   525 | D:1      | Reached ** piety under Trog
   541 | D:1      | Reached XP level 3. HP: 38/40 MP: 3/3
   816 | D:2      | Reached skill level 5 in Fighting
   857 | D:2      | Reached XP level 4. HP: 21/50 MP: 4/4
  1155 | D:2      | Found a shattered altar of Ashenzari.
  1369 | D:2      | Noticed Ijyb
  1402 | D:2      | Killed Ijyb
  1402 | D:2      | Reached skill level 5 in Maces & Flails
  1684 | D:2      | Noticed Sigmund
  1693 | D:2      | Killed Sigmund
  1693 | D:2      | Reached skill level 6 in Fighting
  1693 | D:2      | Reached XP level 5. HP: 47/59 MP: 5/5
  1693 | D:2      | Reached XP level 6. HP: 53/67 MP: 6/6
  1930 | D:2      | Reached *** piety under Trog
  1950 | D:2      | Found a shattered altar of Ashenzari.
  2239 | D:3      | Noticed Terence
  2258 | D:3      | Killed Terence
  2405 | D:3      | Found a shadowy altar of Dithmenos.
  2767 | D:3      | Reached **** piety under Trog
  2850 | D:3      | Noticed Jessica
  2856 | D:3      | Killed Jessica
  2856 | D:3      | Reached XP level 7. HP: 73/76 MP: 7/7
  2903 | D:3      | Found a faded altar to an unknown god.
  3242 | D:4      | Reached skill level 7 in Fighting
  3699 | D:4      | Reached skill level 5 in Dodging
  3984 | D:4      | Reached skill level 8 in Fighting
  3984 | D:4      | Reached XP level 8. HP: 64/88 MP: 8/8
  4314 | D:5      | Entered Level 5 of the Dungeon
  4328 | D:5      | Noticed Eustachio
  4343 | D:5      | Killed Eustachio
  4529 | D:5      | Noticed Blork the orc
  4532 | D:5      | Killed Blork the orc
  4753 | D:5      | Reached skill level 9 in Maces & Flails
  4973 | D:5      | Noticed Crazy Yiuf
  4977 | D:5      | Killed Crazy Yiuf
  5700 | D:6      | Reached ***** piety under Trog
  5977 | D:6      | Reached skill level 10 in Maces & Flails
  5977 | D:6      | Reached XP level 9. HP: 95/100 MP: 9/9
  6013 | D:6      | Found Dohonta's Assorted Antiques.
  6016 | D:6      | Bought a runed robe for 16 gold pieces
  6256 | D:6      | Noticed Edmund
  6262 | D:6      | Killed Edmund
  6295 | D:6      | Reached skill level 10 in Fighting
  6628 | D:6      | HP: 3/101 [acid (8)]
  6634 | D:6      | HP: 4/101 [jelly (2)]
  6634 | D:6      | Splashed by a jelly's acid

Action                   |  1- 3 |  4- 6 |  7- 9 || total
-------------------------+-------+-------+-------++-------
Melee: Mace              |    99 |    91 |    72 ||   262
       Flail             |       |    71 |       ||    71
       Giant spiked club |       |       |   176 ||   176
Invok: Berserk           |       |     5 |     7 ||    12
       Burn Spellbooks   |       |       |     2 ||     2
  Use: Scroll            |       |     6 |     7 ||    13
       Potion            |       |     3 |     8 ||    11
  Eat: Chunk             |       |    11 |     7 ||    18
       Bread ration      |       |       |     3 ||     3
       Beef jerky        |       |       |     1 ||     1
